 Dungeon Crawl Stone Soup version 0.20-a0-1058-g0491fde (webtiles) character file.

102 Ijustatesigmund the Skirmisher (level 4, -4/42 HPs)
             Began as a Barachi Fighter on Apr 26, 2017.
             Killed from afar by Blork the orc (9 damage)
             ... with a puff of flame
             ... on level 6 of the Dungeon.
             The game lasted 00:04:22 (1643 turns).

Ijustatesigmund the Skirmisher (Barachi Fighter)    Turns: 1643, Time: 00:04:23

Health: -4/42      AC:  8    Str: 22    XL:     4   Next: 78%
Magic:  4/4        EV:  7    Int:  9    God:
Gold:   141        SH:  9    Dex: 12    Spells: 3/3 levels left

rFire    . . .     SeeInvis .   a - +0 long sword
rCold    . . .     Gourm    .   c - +0 shield
rNeg     . . .     Faith    .   b - +0 scale mail
rPois    .         Spirit   .   e - +0 helmet
rElec    .         Reflect  .   (no cloak)
rCorr    .         Harm     .   (no gloves)
MR       .....                  (no boots)
Stlth    ..........             (no amulet)
Regen    0.2/turn               (no ring)
MPRegen  0.1/turn               (no ring)

@: mighty, can't hop, slow
A: +LOS, swims, mutation resistance 1, robust 1, slowness 1, strong legs 1
a: Hop


You were on level 6 of the Dungeon.
You were hungry.

You visited 1 branch of the dungeon, and saw 4 of its levels.

You collected 141 gold pieces.

Inventory:

Hand Weapons
 a - a +0 long sword (weapon)
Armour
 b - a +0 scale mail (worn)
 c - a +0 shield (worn)
 e - a +0 helmet (worn)
Potions
 i - a potion of magic
Comestibles
 f - 2 bread rations
 g - 4 royal jellies
 l - 3 chunks of flesh


   Skills:
 + Level 5.1 Fighting
 + Level 4.4 Long Blades
 - Level 3.6 Armour
 - Level 3.2 Shields


You had 3 spell levels left.
You didn't know any spells.

Dungeon Overview and Level Annotations

Branches:
Dungeon (3/15)

Altars:
Nemelex Xobeh
Uskayaw
Wu Jian
The Shining One

Annotations:
D:6 Blork the orc


Innate Abilities, Weirdness & Mutations

Shadows flee at your approach. (+LOS)
You can swim through water.
You cover ground slowly.
You can hop short distances.
You are somewhat resistant to further mutation.
You are robust. (+10% HP)


Message History

Okay, then.
As you read the scroll of teleportation, it crumbles to dust.
You feel strangely unstable. You block the orc's attack.
Your surroundings suddenly seem different.
You fall through a shaft for 3 floors!
The shaft crumbles and collapses.
Blork the orc comes into view.
He is wielding a trident.
Blork the orc shouts!
Found an escape hatch in the floor.
Blork the orc screams, "I'm going to kill you!"
Blork the orc casts a spell.
Blork the orc seems to speed up.
You are feeling hungry.
Blork the orc points at you and mumbles some strange words.
The puff of frost hits you!
* * * LOW HITPOINT WARNING * * *
Blork the orc begins to cast a cantrip, but forgets the words!
Blork the orc points at you and mumbles some strange words.
The puff of flame hits you!
You die...

#### ##...##
#.......
##........
#....≈≈≈..
####...≈≈≈≈≈.
#..@..§§o..≈≈
#........≈≈.>.≈≈
#.##.....≈≈...≈≈
####...≈≈≈≈≈.
#....≈≈≈..
##........
#....... ##...##
####


There were no monsters in sight!

Vanquished Creatures
  An orc priest (D:3)
  An adder (D:2)
  An ooze (D:2)
  2 worms (D:2)
  3 leopard geckos
  3 orcs (D:3)
  2 giant cockroaches
  7 goblins
  5 hobgoblins
  4 jackals (D:2)
  A quokka (D:2)
  7 bats
  2 frilled lizards
  2 kobolds
  3 rats
44 creatures vanquished.

Notes
Turn   | Place    | Note
-------+----------+-------------------------------------------
     0 | D:1      | Ijustatesigmund the Barachi Fighter began the quest for the Orb.
     0 | D:1      | Reached XP level 1. HP: 18/18 MP: 1/1
   161 | D:1      | Found a sparkling altar of Nemelex Xobeh.
   219 | D:1      | Reached XP level 2. HP: 22/25 MP: 2/2
   426 | D:2      | Found an ornate altar of the Wu Jian Council.
   426 | D:2      | Found a glowing golden altar of the Shining One.
   454 | D:2      | Reached skill level 4 in Fighting
   456 | D:2      | Reached XP level 3. HP: 10/30 MP: 3/3
   930 | D:2      | Reached XP level 4. HP: 38/38 MP: 4/4
  1517 | D:3      | Gained mutation: You are robust. (+10% HP) [potion of mutation]
  1517 | D:3      | Gained mutation: You are somewhat resistant to further mutation. [potion of mutation]
  1530 | D:3      | Found a hide-covered altar of Uskayaw.
  1611 | D:3      | Reached skill level 5 in Fighting
  1622 | D:3      | You fall through a shaft for 3 floors!
  1622 | D:6      | Noticed Blork the orc
  1643 | D:6      | Killed from afar by Blork the orc

Vault maps used:
D:1:      dpeg_arrival_rooms_a, st_stairs_6, fountainhead,
          nemelex_xobeh_ov_fountains_minmay
D:2:      chequers_temple_overflow_statue_of_worship
D:3:      lemuel_crystal_altar, first_bread
D:6:      tgw_sif, minmay_temple_entry_purple_smoke, minmay_ruined_shrine

Skill      XL: |  1  2  3  4 |
---------------+-------------+-----
Long Blades    | 3 4 |  4.4
Fighting       | 4 5 |  5.1
Armour         | |  3.6
Shields        | |  3.2

Action                   |  1- 3 |  4- 6 || total
-------------------------+-------+-------++-------
Melee: Long sword        |   125 |    59 ||   184
 Abil: Hop               |       |     1 ||     1
  Use: Scroll            |     3 |     5 ||     8
       Potion            |       |     2 ||     2
  Eat: Chunk             |       |     3 ||     3
Armor: Scale mail        |    75 |    39 ||   114
Dodge: Dodged            |    58 |    30 ||    88
Block: Shield            |    94 |    51 ||   145
       Rpst.: Long sword |    20 |    10 ||    30
